 Dungeon Crawl Stone Soup version 0.23.0-3-gf3c87f2 (webtiles) character file.

Game seed: 11323534394985774174

858 Azzok the Firebug (level 8, 0/46 HPs)
             Began as an Octopode Fire Elementalist on Feb 22, 2019.
             Was a Follower of the Shining One.
             Hit by a tomahawk thrown by an orc warrior (16 damage)
             ... on level 6 of the Dungeon.
             The game lasted 00:07:28 (6866 turns).

Azzok the Firebug (Octopode Fire Elementalist)      Turns: 6866, Time: 00:07:29

Health: 0/46       AC:  1    Str:  8    XL:     8   Next: 2%
Magic:  9/15       EV: 13    Int: 19    God:    the Shining One [*.....]
Gold:   203        SH:  0    Dex: 12    Spells: 8/16 levels left

rFire    . . .     SeeInvis .   m - +4 hand axe
rCold    . . .     Gourm    .   (no shield)
rNeg     . . .     Faith    .   (helmet restricted)
rPois    .         Spirit   .   (no amulet)
rElec    .         Reflect  .   (no ring)
rCorr    .         Harm     .   (no ring)
MR       .....                  (no ring)
Stlth    ++........             (no ring)
HPRegen  0.15/turn              (no ring)
MPRegen  0.14/turn              (no ring)
                                (no ring)
                                (no ring)

@: glowing
A: almost no armour, stealthy swim, amphibious, 8 rings, constrict 8, camouflage
1, gelatinous body 1
a: Renounce Religion


You were on level 6 of the Dungeon.
You worshipped the Shining One.
The Shining One was aware of your devotion.
You were not hungry.

You visited 1 branch of the dungeon, and saw 6 of its levels.

You collected 203 gold pieces.

Inventory:

Hand Weapons
 m - a +4 hand axe (weapon)
Jewellery
 n - an uncursed ring of stealth
 u - an uncursed ring of flight {unknown}
Scrolls
 c - 3 scrolls of remove curse {unknown}
 d - 4 scrolls of amnesia {unknown}
 f - a scroll of enchant weapon {unknown}
 h - 5 scrolls of magic mapping {unknown}
 i - 5 scrolls of identify {unknown}
 j - a scroll of noise {unknown}
 l - 3 scrolls of teleportation {unknown}
 o - a scroll of fear {unknown}
 p - a scroll of blinking {unknown}
 q - 2 scrolls of random uselessness {unknown}
 w - a scroll of immolation {unknown}
Potions
 a - a potion of mutation {unknown}
 e - 3 potions of brilliance {unknown}
 g - 3 potions of lignification {unknown}
 k - 2 potions of flight {unknown}
 r - a potion of haste {unknown}
 s - 3 potions of curing {unknown}
 t - 2 potions of might {unknown}
Comestibles
 b - 14 rations
 v - 2 chunks of flesh


   Skills:
 - Level 2.0 Dodging
 - Level 2.6 Stealth
 + Level 4.9 Spellcasting
 + Level 5.0 Conjurations
 + Level 5.8 Fire Magic


You had 8 spell levels left.
You knew the following spells:

 Your Spells              Type           Power        Failure   Level  Hunger
a - Flame Tongue          Conj/Fire      ####.        1%          1    None
b - Conjure Flame         Conj/Fire      ####....     4%          3    ##.....
c - Sticky Flame          Conj/Fire      ####....     13%         4    ####...

Your spell library contained the following spells:

 Spells                   Type           Power        Failure   Level  Hunger
 Throw Flame              Conj/Fire      ####..       1%          2    #......
 Inner Flame              Hex/Fire       ###.....     11%         3    ##.....
 Fireball                 Conj/Fire      ####......   36%         5    ######.


Dungeon Overview and Level Annotations

Branches:
Dungeon (6/15)
 Temple: D:4-7

Altars:
Cheibriados
Qazlal
Sif Muna
The Shining One


Innate Abilities, Weirdness & Mutations

You cannot wear most types of armour.
You are very stealthy in the water. (Stealth+)
You are amphibious.
You can wear up to eight rings at the same time.
You can use your tentacles to constrict eight enemies at once.
Your skin changes colour to match your surroundings (Stealth+).
Your rubbery body absorbs attacks. (AC +1, EV +1)


Message History

The flame tongue hits the orc priest!
You kill the orc priest!
The Shining One accepts your kill.
You have reached level 8!
The orc warrior throws a tomahawk.
The tomahawk hits you!!
* * * LOW HITPOINT WARNING * * *
Things that are here:
a +0 falchion; 3 gold pieces; a gnoll corpse
Things that are here:
a +0 hand axe; an orc skeleton
Things that are here:
a +0 robe; a +0 dagger You see here a +0 spear of freezing.
Things that are here:
a +0 robe; a +0 dagger; an orc skeleton
Things that are here:
a +0 ring mail; a +0 trident
There is a stone staircase leading up, spattered with blood here.
The orc warrior throws a tomahawk.
The tomahawk hits you!
You die...

▒···▒▒▒···▒······▒▒▒▒▒··▒·▒··
▒····▒▒··············▒÷··▒▒··
▒▒·········▒▒▒▒▒······▒···▒▒▒
▒·······▒▒▒▒▒·············▒·
▒·····················▒▒····
▒····▒·▒▒···▒▒▒······▒▒▒····
▒▒▒▒▒▒▒·····▒▒▒·············
▒▒·······▒▒▒······▒·····
▒······@·········▒▒·····
▒▒▒·▒··)···▒▒···········
▒▒▒▒▒···)[)····▒▒▒▒·····
▒·▒▒······[··▒▒▒ ▒▒·····
▒▒·▒········)·▒▒▒ ▒··▒···
▒·[····▒▒·▒▒▒[··▒▒▒··▒···
▒▒·▒···▒▒[▒ ▒·)··········
▒▒▒▒▒▒▒··▒▒▒▒·o·▒▒▒▒····
▒···▒·······▒▒▒····


You could see an orc warrior.

Vanquished Creatures
  An ice beast (D:6)
  An ogre (D:5)
  A crimson imp (D:5)
  3 orc priests
  2 hounds (D:4)
  5 orc wizards
  An iguana (D:4)
  A worker ant (D:5)
  A worker ant zombie (D:6)
  7 gnolls
  11 adders
  A shadow imp (D:6)
  An ooze (D:1)
  2 dart slugs
  3 worms
  2 leopard geckos
  23 orcs
  2 ball pythons
  3 bats
  2 bat skeletons (D:2)
  4 giant cockroaches
  8 hobgoblins
  4 jackals (D:4)
  A quokka (D:3)
  9 frilled lizards
  6 goblins
  3 kobolds
  A leopard gecko skeleton (D:2)
  6 rats
115 creatures vanquished.

Notes
Turn   | Place    | Note
-------+----------+-------------------------------------------
     0 | D:1      | Azzok the Octopode Fire Elementalist began the quest for
                  | the Orb.
     0 | D:1      | Reached XP level 1. HP: 11/11 MP: 3/3
   216 | D:1      | Reached XP level 2. HP: 14/17 MP: 0/5
  1012 | D:1      | Reached XP level 3. HP: 14/21 MP: 1/6
  2027 | D:2      | Reached XP level 4. HP: 10/27 MP: 3/8
  3124 | D:2      | Reached XP level 5. HP: 31/31 MP: 3/9
  3890 | D:4      | Learned a level 3 spell: Conjure Flame
  3895 | D:4      | Learned a level 4 spell: Sticky Flame
  4248 | D:4      | Reached XP level 6. HP: 36/36 MP: 1/11
  4515 | D:4      | Found a glowing golden altar of the Shining One.
  4627 | D:4      | Became a worshipper of the Shining One
  5213 | D:5      | Entered Level 5 of the Dungeon
  5416 | D:5      | Found a snail-covered altar of Cheibriados.
  5416 | D:5      | Found a stormy altar of Qazlal.
  5549 | D:5      | Reached skill level 5 in Fire Magic
  5549 | D:5      | Reached XP level 7. HP: 41/41 MP: 6/13
  6726 | D:6      | Found a deep blue altar of Sif Muna.
  6848 | D:6      | Reached * piety under the Shining One
  6851 | D:6      | Reached skill level 5 in Conjurations
  6854 | D:6      | Reached XP level 8. HP: 33/46 MP: 7/15
  6866 | D:6      | Hit by a tomahawk thrown by an orc warrior

Skill      XL: |  1  2  3  4  5  6  7 |
---------------+----------------------+-----
Conjurations   | 2 3 4 5 |  5.0
Spellcasting   | 3 4 |  4.9
Fire Magic     | 4 5 |  5.8
Dodging        | |  2.0
Stealth        | |  2.6

Action                   |  1- 3 |  4- 6 |  7- 9 || total
-------------------------+-------+-------+-------++-------
Melee: Unarmed           |    30 |     1 |       ||    31
       Constrict         |     7 |     3 |     1 ||    11
       Tentacles         |     4 |     3 |       ||     7
       Hand axe          |       |     5 |     5 ||    10
 Cast: Flame Tongue      |    43 |   138 |    56 ||   237
       Sticky Flame      |       |     1 |     4 ||     5
 Stab: Sleeping          |     3 |     1 |       ||     4
  Eat: Chunk             |     4 |     7 |     5 ||    16
       Ration            |       |     1 |       ||     1
Armor: Skin              |     3 |     4 |     1 ||     8
Dodge: Dodged            |    22 |    52 |    22 ||    96
